 Dungeon Crawl Stone Soup version 0.32-a0-768-g0f6f1dd4b9 (webtiles) character file.

Game seed: 18235270969618137388

41750 croobank the Covert (level 14, -5/110 HPs)
             Began as a Human Summoner on Mar 18, 2024.
             Was an Elder of Kikubaaqudgha.
             Killed from afar by an acid blob (37 damage)
             ... with a splash of acid
             ... on level 4 of the Lair of Beasts.
             The game lasted 01:40:33 (21381 turns).

croobank the Covert (Human Summoner)               Turns: 21381, Time: 01:40:34

Health: -5/110     AC:  0    Str:  9    XL:     14   Next: 16%
Magic:  23/27      EV: 18    Int: 21    God:    Kikubaaqudgha [****..]
Gold:   1068       SH:  0    Dex: 19    Spells: 4/32 levels left

rFire   + . .        c - staff of death
rCold   + . .        (no shield)
rNeg    + . .        (no body armour)
rPois   .            M - +1 helmet
rElec   .            C - scarf {rC+ rF+}
rCorr   .            A - +2 pair of gloves {infuse}
SInv    +            L - +2 pair of boots
Will    +....        b - amulet of magic regeneration
Stlth   +++++        m - ring of see invisible
HPRegen 0.38/turn    B - +6 ring of dexterity
MPRegen 0.60/turn

%: infuse magic (1 MP)
@: corroded
A: explore regen
a: Renounce Religion, Unearth Wretches


You were on level 4 of the Lair of Beasts.
You worshipped Kikubaaqudgha.
Kikubaaqudgha was greatly pleased with you.
You visited 3 branches of the dungeon, and saw 17 of its levels.
You also visited: Volcano.

You collected 1562 gold pieces.
You spent 494 gold pieces at shops.

Inventory:

Hand Weapons
 d - a +2 war axe of protection
 e - a +3 trident
 h - a +9 dagger of speed
 p - a +0 scimitar of holy wrath
 v - the +8 morningstar of Otreceum {pain, *Slow rElec rN+ Stlth+}
   (You found it on level 2 of the Dungeon)

   rElec:     It insulates you from electricity.
   rN+:       It protects you from negative energy.
   *Slow:     It may slow you when you take damage.
   Stlth+:    It makes you more stealthy.
 R - a +3 scimitar of flaming
 W - a +0 broad axe
Missiles
 a - 11 boomerangs
 k - 3 atropa-tipped darts
 P - 8 curare-tipped darts
Armour
 A - a +2 pair of gloves of infusion (worn)
 C - a scarf of resistance (worn)
 I - a +2 robe of cold resistance
 L - a +2 pair of boots (worn)
 M - a +1 helmet (worn)
 U - +0 acid dragon scales
 Y - a +3 leather armour of fire resistance
Magical Staves
 c - a staff of death (weapon)
Jewellery
 b - an amulet of magic regeneration (around neck)
 m - a ring of see invisible (left hand)
 s - a +6 ring of strength
 u - an amulet of reflection
 B - a +6 ring of dexterity (right hand)
Wands
 o - a wand of quicksilver (6)
 D - a wand of flame (11)
 H - a wand of digging (7)
 N - a wand of polymorph (5)
 T - a wand of roots (1)
Scrolls
 f - 4 scrolls of noise
 g - 3 scrolls of revelation
 i - 2 scrolls of amnesia
 j - 7 scrolls of identify
 n - 10 scrolls of teleportation
 y - 3 scrolls of vulnerability
 F - a scroll of silence
 Q - 2 scrolls of poison
Potions
 l - 3 potions of heal wounds
 q - 3 potions of attraction
 r - 4 potions of mutation
 t - a potion of lignification
 w - 5 potions of invisibility
 x - 2 potions of cancellation
 z - 5 potions of curing
 E - a potion of brilliance
 J - 3 potions of haste
 S - a potion of resistance
 Z - a potion of magic


   Skills:
 - Level 10.0 Fighting
 + Level 4.1 Armour
 - Level 10.0 Dodging
 - Level 10.0 Stealth
 + Level 9.5 Spellcasting
 - Level 10.0 Summonings
 + Level 7.5 Necromancy
 - Level 5.0 Fire Magic
 - Level 7.0 Air Magic


You had 4 spell levels left.
You knew the following spells:

 Your Spells              Type           Power      Damage    Failure   Level
a - Summon Small Mammal   Summ           100%       N/A       1%          1
b - Call Imp              Summ           100%       N/A       1%          2
c - Call Canine Familiar  Summ           51%        N/A       1%          3
d - Summon Blazeheart Go  Fire/Summ      41%        N/A       3%          4
e - Summon Lightning Spi  Summ/Air       45%        N/A       1%          4
A - Animate Dead          Necr           58%        N/A       3%          4
D - Death Channel         Necr           29%        N/A       43%         6
N - Anguish               Hex/Necr       19%        N/A       14%         4

Your spell library contained the following spells:

 Spells                   Type           Power      Damage    Failure   Level
 Kiss of Death            Conj/Necr      100%       2d13      1%          1
 Necrotise                Necr           100%       1d9       1%          1
 Cigotuvi's Dreadful Rot  Necr/Alch/Air  90%        N/A       1%          2
 Swiftness                Air            39%        N/A       1%          3
 Summon Ice Beast         Ice/Summ       31%        N/A       2%          3
 Apportation              Tloc           20%        N/A       7%          1
 Volatile Blastmotes      Fire/Tloc      40%        2d13      8%          3
 Animate Armour           Summ/Erth      62%        N/A       9%          4
 Ensorcelled Hibernation  Hex/Ice        20%        N/A       11%         2
 Jinxbite                 Hex            20%        N/A       11%         2
 Vhi's Electric Charge    Tloc/Air       48%        N/A       16%         4
 Frozen Ramparts          Ice            20%        1d4       21%         3
 Gell's Gravitas          Tloc           10%        N/A       21%         3
 Hailstorm                Conj/Ice       10%        3d6       21%         3
 Ozocubu's Armour         Ice            10%        N/A       21%         3
 Passwall                 Erth           10%        N/A       21%         3
 Stone Arrow              Conj/Erth      20%        3d8       21%         3
 Teleport Other           Tloc           10%        N/A       21%         3
 Curse of Agony           Necr           58%        N/A       9%          5
 Borgnjor's Vile Clutch   Necr/Erth      19%        N/A       38%         5
 Arcjolt                  Conj/Air       12%        1d22      41%         5
 Alistair's Intoxication  Alch           6%         N/A       88%         5
 Metabolic Englaciation   Hex/Ice        5%         N/A       88%         5
 Bombard                  Conj/Erth      5%         9d2       100%        6
 Dispersal                Tloc           5%         N/A       100%        6
 Permafrost Eruption      Ice/Erth       5%         2x4d3     100%        6
 Sculpt Simulacrum        Ice/Alch       5%         N/A       100%        6
 Lehudib's Crystal Spear  Conj/Erth      5%         10d3      100%        8
 Maxwell's Capacitive Co  Air            19%        ∞         100%        8


Dungeon Overview and Level Annotations

Branches:
Dungeon (12/15)            Temple (1/1) D:7            Lair (4/5) D:11
 Shoals (0/4) Lair:3       Spider (0/4) Lair:2        Slime (0/5) Lair:4
Volcano (visited)
    Orc: D:9-12

Altars:
Ashenzari
Cheibriados
Dithmenos
Elyvilon
Fedhas
Gozag
Hepliaklqana
Kikubaaqudgha
Makhleb
Nemelex Xobeh
Okawaru
Qazlal
Ru
Sif Muna
Trog
Uskayaw
Vehumet
Wu Jian
Xom
Yredelemnul
Zin
The Shining One
Beogh
Jiyva

Shops:
D:3 [   D:4 *   D:10 ?

Annotations:
D:12 exclusion: obsidian statue
Lair:4 Doewont's ghost, journeyman GrFi


Innate Abilities, Weirdness & Mutations

You regain HP and MP as you explore.


Message History

The splash of acid hits your yak zombie!!
Your yak zombie seems to be corroded for longer.
Your yak zombie gores the acid blob.
Your yak zombie is burned by acid!
The acid blob spits acid at you. The splash of acid hits you!!
You continue removing your +3 leather armour of fire resistance.
The acid blob hits your yak zombie!!!
Your yak zombie is destroyed!
The acid blob hits your yak zombie.
Your yak zombie is splashed with acid.
The acid blob barely misses you.
You finish removing your +3 leather armour of fire resistance.
You feel less resistant to fire.
Okay, then.
As you read the scroll of immolation, it crumbles to dust.
The creatures around you are filled with an inner flame!
The acid blob hits you!! The acid corrodes you!
You are splashed with acid!
* * * LOW HITPOINT WARNING * * *
The acid blob spits acid at you.
The splash of acid hits your yak zombie!
Your yak zombie seems to be corroded for longer.
Flame seeps out of your yak zombie.
Your yak zombie is engulfed in blazing flames.
Your yak zombie explodes!
The fiery explosion engulfs the acid blob!!
Flame seeps out of the acid blob.
The acid blob is heavily wounded.
The fiery explosion engulfs the acid blob!!
Flame seeps out of the acid blob.
The acid blob is moderately wounded.
The fiery explosion engulfs the acid blob!!
Flame seeps out of the acid blob.
The acid blob is moderately wounded.
The fiery explosion engulfs the azure jelly!!
The azure jelly is burned terribly!
Flame seeps out of the azure jelly.
The azure jelly is moderately wounded.
The acid blob spits acid at you. The splash of acid hits you!!!
You die...
Kikubaaqudgha rasps: You have failed me!
Welcome... death!

................### ########...
...............##.####...##.....#
#......÷÷......###..#.....##..###
#.............###...G..$.$:####
#............## #..JJ....:_
.............# #§J.JGJ..:)
............#####○J.#W....#
.#...........##.§JJ###J..##
.###.)..........@J## #### .
#.............## .P
##............###
.###...............##
.##...............Z.###
......................##
.......................##
._......................##
.>.......÷...............#


You could see 5 acid blobs, an azure jelly (inner flame), a large slime creature
(inner flame), 2 slime creatures, 2 eyes of devastation and Doewont's ghost
(inner flame).

Vanquished Creatures
  A hydra (Lair:2)
  A death yak (Lair:4)
  Sonja (Lair:2)
  A lindwurm (Volcano)
  Pikel (D:5)
  An ugly thing (D:12)
  A salamander (Volcano)
  A cyclops (D:11)
  2 toenail golems (Volcano)
  A black mamba (Lair:3)
  A torpor snail (Lair:3)
  4 cane toads (Lair:2)
  A death yak zombie (Lair:4)
  2 komodo dragons (Lair:2)
  A kobold demonologist (D:11)
  2 gargoyles
  A nameless horror (D:4)
  Psyche (D:11)
  4 trolls
  A hydra zombie (Lair:2)
  5 wyverns
  2 wraiths
  20 yaks
  2 vampires
  3 humans (Volcano)
  A basilisk (D:11)
  A steam dragon (D:10)
  5 vampire mosquitoes
  An acid dragon (D:12)
  4 water moccasins
  3 orc warriors
  An ogre (D:5)
  An orc zombie (Volcano)
  7 centaurs
  2 wolves
  3 lemures
  2 phantoms (D:6)
  2 kobold brigands
  3 bullfrogs
  A scorpion (D:4)
  3 wights
  2 yak zombies
  4 howler monkeys
  2 electric eels
  An orc priest (D:8)
  A hound (D:5)
  2 jellies (D:6)
  3 orc wizards
  3 white imps (D:11)
  4 ufetubi
  20 orcs
  5 ball pythons
  3 endoplasms
  A giant cockroach (D:1)
  A hobgoblin (D:1)
  2 jackals (D:1)
  5 kobolds
  6 bats
  2 frilled lizards (D:1)
  6 goblins
  4 rats
178 creatures vanquished.

Vanquished Creatures (collateral kills)
  A hydra (Lair:4)
  A dancing weapon (Volcano)
  A two-headed ogre (D:11)
  An occultist (Volcano)
  2 death yaks (Lair:4)
  A skyshark (Lair:2)
  A lindwurm (Lair:3)
  A harpy (Lair:3)
  A manticore (D:12)
  A cyclops (D:11)
  An orc sorcerer (Volcano)
  3 toenail golems (Volcano)
  An elephant (D:11)
  A black mamba (Lair:2)
  2 cane toads (Lair:2)
  Joseph (D:9)
  3 rime drakes
  3 kobold demonologists (D:12)
  A polar bear (Lair:4)
  A hornet (D:11)
  8 blink frogs
  A jumping spider (Lair:2)
  A wyvern (D:9)
  17 yaks
  A culicivora (Lair:2)
  2 humans (Volcano)
  2 basilisks (Lair:2)
  2 vampire mosquitoes
  2 acid dragons (D:11)
  4 water moccasins
  8 orc warriors
  A sky beast (D:8)
  3 ice beasts
  4 black bears
  2 centaurs
  7 wolves
  A lemure (D:5)
  Blork the orc (D:4)
  4 kobold brigands
  2 bullfrogs
  A nameless horror (D:11)
  A gnoll sergeant (D:4)
  2 scorpions (D:6)
  12 wights
  6 killer bees
  4 howler monkeys
  A bombardier beetle (D:4)
  2 hounds (D:5)
  8 orc priests
  4 jellies
  An iron imp (D:5)
  A sleepcap (D:6)
  6 iguanas
  Ijyb (D:5)
  4 orc wizards
  3 gnolls (D:4)
  9 adders
  4 ufetubi
  10 dart slugs
  28 orcs
  5 bats
  2 endoplasms
  2 giant cockroaches
  4 goblins
  3 hobgoblins
  2 jackals
  3 quokkas
  2 frilled lizards (D:2)
  17 kobolds
  3 rats (D:3)
252 creatures vanquished.

Vanquished Creatures (others)
  A hydra (Lair:4)
  Erica (D:9)
  2 death yaks (Lair:4)
  An occultist (Volcano)
  A harpy (Lair:3)
  2 salamanders (Volcano)
  2 cane toads
  A black mamba (Lair:3)
  A komodo dragon (Lair:4)
  A death yak zombie (Lair:4)
  A hydra zombie (Lair:4)
  A black mamba zombie (Lair:3)
  4 yaks
  A blink frog zombie (Lair:1)
  2 lindwurm zombies
  A wolf (Lair:4)
  A rime drake zombie (Lair:4)
  A wyvern zombie (Lair:2)
  3 salamander zombies (Volcano)
  3 water moccasin zombies
  6 yak zombies
  4 wolf zombies
  58 blazeheart cores
99 creatures vanquished.

Grand Total: 529 creatures vanquished

Notes
Turn   | Place    | Note
-------+----------+-------------------------------------------
     0 | D:1      | croobank the Human Summoner began the quest for the Orb.
     0 | D:1      | Reached XP level 1. HP: 13/13 MP: 3/3
   122 | D:2      | Noticed an iguana
   301 | D:1      | Found a faded altar of an unknown god.
   316 | D:1      | Reached XP level 2. HP: 15/19 MP: 1/5
   319 | D:1      | Learned a level 2 spell: Call Imp
   775 | D:1      | Reached XP level 3. HP: 25/25 MP: 6/6
  1015 | D:1      | Learned a level 3 spell: Call Canine Familiar
  1197 | D:2      | Reached skill level 1 in Fighting
  1256 | D:2      | Reached XP level 4. HP: 21/32 MP: 1/7
  1654 | D:2      | Identified the +8 morningstar of Otreceum {pain, *Slow
                  | rElec rN+ Stlth+}
  2804 | D:3      | Reached XP level 5. HP: 38/38 MP: 2/8
  3187 | D:3      | Found Usabus's Armour Shop.
  4065 | D:4      | Reached XP level 6. HP: 42/44 MP: 6/10
  4340 | D:4      | Learned a level 4 spell: Summon Blazeheart Golem
  4366 | D:5      | Entered Level 5 of the Dungeon
  4380 | D:5      | Noticed a black bear
  4612 | D:4      | Noticed Blork the orc
  4633 | D:4      | Killed Blork the orc
  4634 | D:4      | Reached skill level 5 in Summonings
  4634 | D:4      | Reached skill level 1 in Fire Magic
  4634 | D:4      | Reached XP level 7. HP: 17/51 MP: 2/12
  5456 | D:4      | Found Zoil's Specific Store.
  5460 | D:4      | Found Hashicor's General Store.
  5463 | D:4      | Bought a scroll of identify for 22 gold pieces
  5463 | D:4      | Bought a scroll of vulnerability for 44 gold pieces
  5469 | D:4      | Bought a wand of flame (7) for 58 gold pieces
  6000 | D:5      | Noticed Pikel
  6048 | D:4      | Noticed a nameless horror
  6064 | D:4      | Killed a nameless horror
  6627 | D:5      | Killed Pikel
  6628 | D:5      | Reached XP level 8. HP: 59/60 MP: 3/14
  7029 | D:5      | Found a burning altar of Makhleb.
  7061 | D:5      | Reached skill level 5 in Stealth
  7207 | D:5      | Noticed Ijyb
  7219 | D:5      | Killed Ijyb
  7354 | D:6      | Reached XP level 9. HP: 65/65 MP: 11/15
  7460 | D:6      | Reached skill level 5 in Dodging
  7544 | D:6      | Learned a level 4 spell: Summon Lightning Spire
  7643 | D:6      | Reached skill level 5 in Fire Magic
  7716 | D:6      | Reached skill level 1 in Air Magic
  7875 | D:3      | Bought a +0 helmet for 63 gold pieces
  8075 | D:6      | Found a shadowy altar of Dithmenos.
  8081 | D:6      | Found a white marble altar of Elyvilon.
  8084 | D:6      | Found a shimmering blue altar of Sif Muna.
  8084 | D:6      | Found an iron altar of Okawaru.
  8091 | D:6      | Found a snail-covered altar of Cheibriados.
  8875 | D:7      | Found a staircase to the Ecumenical Temple.
  9025 | Temple   | Entered the Ecumenical Temple
  9032 | D:7      | Reached skill level 5 in Spellcasting
  9487 | D:8      | Reached skill level 5 in Fighting
  9756 | D:7      | Reached XP level 10. HP: 71/74 MP: 2/17
 10613 | D:8      | Found an ornate altar of the Wu Jian Council.
 10690 | D:9      | Found an ancient bone altar of Kikubaaqudgha.
 10910 | D:9      | Reached skill level 5 in Air Magic
 11366 | D:9      | Noticed Erica
 11379 | D:9      | Killed Erica
 11380 | D:9      | Reached XP level 11. HP: 46/81 MP: 5/20
 11818 | D:9      | Found a stormy altar of Qazlal.
 11849 | D:9      | Noticed Joseph
 11862 | D:9      | Killed Joseph
 11894 | D:9      | Became a worshipper of Kikubaaqudgha
 11949 | D:9      | Found a roughly hewn altar of Beogh.
 12359 | D:10     | Entered Level 10 of the Dungeon
 12852 | D:10     | Found Layhi's Magic Scroll Emporium.
 12856 | D:10     | Bought a scroll of teleportation for 33 gold pieces
 12856 | D:10     | Bought a scroll of identify for 22 gold pieces
 12856 | D:10     | Bought a scroll of identify for 22 gold pieces
 12856 | D:10     | Bought a scroll of identify for 22 gold pieces
 12856 | D:10     | Bought a scroll of enchant armour for 82 gold pieces
 12856 | D:10     | Bought a scroll of enchant armour for 82 gold pieces
 12856 | D:10     | Bought a scroll of poison for 44 gold pieces
 12868 | D:10     | Reached skill level 1 in Necromancy
 12871 | D:10     | Reached * piety under Kikubaaqudgha
 12871 | D:10     | Received a gift from Kikubaaqudgha
 12877 | D:10     | Learned a level 4 spell: Animate Dead
 14834 | D:11     | Noticed Psyche
 14904 | D:12     | Noticed a manticore
 14915 | D:12     | Killed a manticore
 15118 | D:12     | Reached ** piety under Kikubaaqudgha
 15410 | D:12     | Noticed an obsidian statue
 15605 | D:12     | Noticed a purple ugly thing
 15613 | D:12     | Killed a purple ugly thing
 15771 | D:12     | Reached XP level 12. HP: 91/91 MP: 13/22
 16007 | D:11     | Killed Psyche
 16253 | D:11     | Noticed a two-headed ogre
 16269 | D:11     | Killed a two-headed ogre
 16812 | D:11     | Found a staircase to the Lair.
 17097 | Lair:1   | Entered Level 1 of the Lair of Beasts
 17098 | Lair:1   | Upgraded the game from 0.32-a0-747-gc8563f6773 to
                  | 0.32-a0-768-g0f6f1dd4b9
 17781 | Lair:1   | Reached *** piety under Kikubaaqudgha
 17781 | Lair:1   | Received a gift from Kikubaaqudgha
 17787 | Lair:1   | Learned a level 4 spell: Anguish
 18110 | Lair:2   | Noticed a four-headed hydra
 18121 | Lair:2   | Killed a four-headed hydra
 18161 | Lair:2   | Found a hole to the Spider Nest.
 18200 | Lair:2   | Found a dark tunnel.
 18212 | Volcano  | Entered a volcano
 18224 | Volcano  | Paralysed by an orc sorcerer for 3 turns
 18233 | Volcano  | Reached skill level 5 in Necromancy
 18237 | Volcano  | Reached XP level 13. HP: 83/99 MP: 8/25
 18814 | Lair:2   | Reached skill level 10 in Stealth
 19085 | Lair:2   | Noticed Sonja
 19092 | Lair:2   | Killed Sonja
 19093 | Lair:2   | Reached skill level 10 in Summonings
 19683 | Lair:3   | Identified a scroll of acquirement
 19849 | Lair:3   | Reached skill level 1 in Armour
 19983 | Lair:3   | Found a staircase to the Shoals.
 20516 | Lair:4   | Found a staircase to the Slime Pits.
 20519 | Lair:4   | Found a viscous altar of Jiyva.
 20563 | Lair:4   | Learned a level 6 spell: Death Channel
 20563 | Lair:4   | Acquired a staff of death
 20778 | Lair:4   | Reached **** piety under Kikubaaqudgha
 20793 | Lair:4   | Reached skill level 10 in Dodging
 20854 | Lair:4   | Reached XP level 14. HP: 109/109 MP: 6/27
 20868 | Lair:4   | Reached skill level 10 in Fighting
 21269 | Lair:4   | Found a runed translucent gate.
 21269 | Lair:4   | Found a runed translucent gate.
 21270 | Lair:4   | Found a runed translucent gate.
 21270 | Lair:4   | Noticed an acid blob
 21270 | Lair:4   | Noticed an acid blob
 21271 | Lair:4   | Noticed an acid blob
 21273 | Lair:4   | Noticed an acid blob
 21273 | Lair:4   | Noticed Doewont's ghost (journeyman GrFi)
 21274 | Lair:4   | Noticed an azure jelly
 21274 | Lair:4   | Noticed an acid blob
 21368 | Lair:4   | Found a viscous altar of Jiyva.
 21381 | Lair:4   | Killed from afar by an acid blob

Illustrated notes

Levels and vault maps discovered:
D:1:      dpeg_arrival_long_road, layout_basic,
          dreamdust_ecumenical_altar_statues, minmay_box_of_dots
D:2:      minmay_general_purpose_star, layout_basic, minmay_misc_feat_rows,
          minmay_misc_feat_pillars
D:3:      kennysheep_slugbush, layout_basic, serial_shops,
          nicolae_shop_real_fake_doors, minmay_pentomino_pile
D:4:      layout_basic, nicolae_hexahallways, nicolae_specific_store,
          kennysheep_crisscross, minmay_misc_feat_rugged, uniq_blork_the_orc
D:5:      layout_rooms, demons_altar, uniq_pikel, uniq_ijyb
D:6:      layout_loops_ring, nicolae_overflow_hallway_of_the_gods, minivault_1
D:7:      layout_loops_corners, minmay_temple_entry_arrows
D:8:      layout_cave_pools, nzn_wu_jian_contemplation,
          chequers_serial_rivers_micro_e, corexii_checkpoint
D:9:      layout_loops_ring, mainiacjoe_overflow_paths, amcnicky_altar_gilded,
          special_room [special_room_orc], grunt_decor_resistance, uniq_joseph,
          uniq_erica
D:10:     layout_stronghold, serial_shops, shop
D:11:     minmay_skewed_foursquare, layout_basic, david_lair_generic,
          serial_ice, serial_ice_i, serial_ice_g, serial_ice_b, serial_ice_d,
          uniq_psyche
D:12:     layout_long_grid, david_orc_4, minmay_statue_bubble
Temple:   nicolae_temple_bog_church
Lair:1:   layout_loops_ring, gammafunk_lair_bear_cave,
          infiniplex_staircase_pool_2
Lair:2:   layout_regular_city, spider_nest_entry_rubble, enter_volcano_2,
          st_stairs_8, chequers_serial_rivers_marsh,
          chequers_serial_rivers_room_b, chequers_serial_rivers_micro_a,
          serial_bayou_ford_a, beast_lair_carwin_4, uniq_sonja
Lair:3:   layout_concentric_octagons, nicolae_shoals_entry_roost,
          nicolae_lair_lindhole
Lair:4:   layout_cave_pods, slime_entry_1, gammafunk_ghost_ooze

Skill      XL: |  1  2  3  4  5  6  7  8  9 10 11 12 13 14 |
---------------+-------------------------------------------+-----
Fighting       | 1 2 3 4 5 6 7 8 9 10 | 10.0
Stealth        | 3 4 5 6 7 8 9 10 | 10.0
Dodging        | 3 4 5 6 7 8 10 | 10.0
Spellcasting   | 3 4 5 6 7 8 9 |  9.5
Summonings     | 5 6 7 8 9 10 | 10.0
Fire Magic     | 1 3 4 5 |  5.0
Air Magic      | 3 6 7 |  7.0
Necromancy     | 2 5 7 |  7.5
Armour         | 3 4 |  4.1

Action                     |  1- 3 |  4- 6 |  7- 9 | 10-12 | 13-15 || total
---------------------------+-------+-------+-------+-------+-------++-------
  Melee: Unarmed           |    10 |       |       |       |       ||    10
         Flail             |     6 |       |       |       |       ||     6
         Dagger            |    44 |    55 |   164 |   193 |    95 ||   551
         Morningstar       |       |       |     4 |       |       ||     4
         Staff             |       |       |       |       |    20 ||    20
   Cast: Summon Small Mamm |    41 |    41 |    33 |     6 |     2 ||   123
         Call Imp          |    10 |    25 |    26 |    13 |     5 ||    79
         Call Canine Famil |     1 |    17 |    23 |    17 |     8 ||    66
         Summon Blazeheart |       |     2 |    19 |    68 |    19 ||   108
         Summon Lightning  |       |       |     3 |    50 |    10 ||    63
         Animate Dead      |       |       |       |     6 |    11 ||    17
         Anguish           |       |       |       |     5 |    37 ||    42
         Death Channel     |       |       |       |       |     4 ||     4
 Invoke: Unearth Wretches  |       |       |       |     2 |       ||     2
  Evoke: Wand              |       |       |    12 |     7 |     3 ||    22
    Use: Potion            |     1 |     1 |     1 |       |       ||     3
         Scroll            |       |     5 |    17 |    11 |     3 ||    36
   Stab: Sleeping          |     3 |     5 |     5 |     9 |     8 ||    30
         Distracted        |       |     1 |     1 |     3 |     2 ||     7
         Paralysed         |       |       |       |     2 |       ||     2
 Armour: Robe              |    46 |    50 |   109 |   178 |    23 ||   406
         Leather armour    |       |       |       |       |    69 ||    69
         Skin              |       |       |       |       |     2 ||     2
  Dodge: Dodged            |    66 |    37 |   168 |   286 |   123 ||   680

Table legend: (Time is in decaauts)
 A = Elapsed time spent in this place.
 B = Non-inter-level travel time spent in this place.
 C = Inter-level travel time spent in this place.
 D = Time resting spent in this place.
 E = Time spent auto-exploring this place.
 F = Levels seen in this place.
 G = Mean time per level.
                   A        B        C        D        E       F      G
               +--------+--------+--------+--------+--------+-----+--------+
         Total |  21319 |  20469 |    850 |   3729 |  11659 |  18 | 1184.4 |
       Dungeon |  17006 |  16227 |    779 |   3587 |   8969 |  12 | 1417.2 |
        Temple |      1 |      0 |      1 |      0 |      0 |   1 |    1.0 |
          Lair |   3830 |   3760 |     70 |     66 |   2530 |   4 |  957.5 |
       Volcano |    480 |    480 |      0 |     76 |    159 |   1 |  480.0 |
               +--------+--------+--------+--------+--------+-----+--------+

Top non-repeatable levels by time:
     D:4: 2453 daAuts
    D:11: 2423 daAuts
     D:9: 1718 daAuts
     D:5: 1376 daAuts
     D:2: 1348 daAuts
     D:3: 1330 daAuts
    D:10: 1274 daAuts
     D:7: 1178 daAuts
  Lair:2: 1042 daAuts
     D:1: 1018 daAuts
  Lair:1: 998 daAuts
     D:8: 991 daAuts
     D:6: 954 daAuts
    D:12: 938 daAuts
  Lair:4: 920 daAuts
